 Dungeon Crawl Stone Soup version 0.28.0-53-g5a82cb258f (webtiles) character file.

Game seed: 9236537388925568461

14548 mcbry74 the Grappler (level 11, -2/92 HPs)
             Began as a Troll Gladiator on June 22, 2022.
             Was a High Priest of Okawaru.
             Slain by a death yak simulacrum (25 damage)
             ... animated by a necromancer
             ... in a Gauntlet.
             The game lasted 00:53:29 (10508 turns).

mcbry74 the Grappler (Troll Gladiator)             Turns: 10508, Time: 00:53:30

Health: -2/92      AC:  9    Str: 31    XL:     11   Next: 90%
Magic:  13/13      EV: 11    Int:  5    God:    Okawaru [*****.]
Gold:   690        SH:  0    Dex: 18    Spells: 10/10 levels left

rFire   . . .      SeeInvis .     - Unarmed
rCold   . . .      Faith    .   (no shield)
rNeg    + . .      Spirit   .   F - +0 troll leather armour
rPois   +          Reflect  .   b - +0 hat
rElec   .          Harm     .   l - +2 ratskin cloak {*Rats rPois rN+ Str-1 Int-1 Dex+1}
rCorr   .          Rampage  .   (gloves unavailable)
Will    .....      NoTele   +   (boots unavailable)
Stlth   +.........              C - amulet of the acrobat
HPRegen 1.85/turn               j - +6 ring of dexterity
MPRegen 0.13/turn               g - +6 ring of strength

@: no status effects
A: large, unfitting armour, claws 3, regeneration 1, shaggy fur 1, tough skin 1
a: Renounce Religion, Heroism, Finesse, Duel


You were in a Gauntlet.
You worshipped Okawaru.
Okawaru was extremely pleased with you.
You visited 4 branches of the dungeon, and saw 14 of its levels.
You also visited: Gauntlet.

You collected 690 gold pieces.

Inventory:

Hand Weapons
 e - a +0 mace
 p - the +4 mace of the Ghost {vorpal, rC+ rN+ Int+4 SInv}
   (You found it on level 2 of the Dungeon)

   It inflicts extra damage upon your enemies.
   Int:       It affects your intelligence (+4).
   rC:        It protects you from cold.
   rN:        It protects you from negative energy.
   SInv:      It lets you see invisible.
 G - a +3 dire flail of holy wrath
 H - a +3 dire flail
 R - a +4 vorpal great mace
 S - a +0 giant spiked club
Missiles
 c - 3 throwing nets
 m - 34 poisoned darts
 D - 15 boomerangs (quivered)
 L - 3 large rocks
Armour
 b - a +0 hat (worn)
 l - the +2 ratskin cloak (worn) {*Rats rPois rN+ Str-1 Int-1 Dex+1}
   (You found it on level 2 of the Dungeon)

   When the wearer is hurt, rats may emerge from it to assist them.
   Str:       It affects your strength (-1).
   Int:       It affects your intelligence (-1).
   Dex:       It affects your dexterity (+1).
   rPois:     It protects you from poison.
   rN:        It protects you from negative energy.
 F - a +0 troll leather armour (worn)
Jewellery
 d - an amulet of reflection
 g - a +6 ring of strength (right claw)
 j - a +6 ring of dexterity (left claw)
 B - a ring of protection from cold
 C - an amulet of the acrobat (around neck)
 U - a ring of poison resistance
Wands
 k - a wand of flame (21)
 y - a wand of polymorph (9)
 I - a wand of iceblast (11)
 M - a wand of digging (5)
Scrolls
 h - 7 scrolls of teleportation
 i - 2 scrolls of magic mapping
 o - 3 scrolls of enchant weapon
 r - a scroll of noise {unknown}
 t - 2 scrolls of fog {unknown}
 x - 3 scrolls of blinking
 A - a scroll of acquirement {unknown}
 E - 2 scrolls of amnesia {unknown}
 K - a scroll of immolation {unknown}
 O - 2 scrolls of enchant armour {unknown}
 Q - a scroll of summoning {unknown}
Potions
 q - 8 potions of curing
 s - a potion of haste {unknown}
 v - 3 potions of heal wounds
 w - 3 potions of flight
 J - 2 potions of degeneration {unknown}
 P - a potion of magic {unknown}
 T - 2 potions of lignification
Miscellaneous
 f - a phantom mirror


   Skills:
 - Level 1.5 Fighting
 * Level 5.2 Maces & Flails
 + Level 8.7 Throwing
 + Level 2.9 Armour
 + Level 3.9 Dodging
 + Level 13.2 Unarmed Combat
 + Level 5.0 Invocations
 + Level 4.1 Evocations


You had 10 spell levels left.
You didn't know any spells.
Your spell library contained the following spells:

 Spells                   Type           Power      Damage    Failure   Level
 Beastly Appendage        Tmut           0%         N/A       52%         1
 Magic Dart               Conj           0%         1d3       52%         1
 Shock                    Conj/Air       0%         1d3       52%         1
 Blink                    Tloc           0%         N/A       65%         2
 Searing Ray              Conj           0%         2d4       65%         2
 Wereblood                Tmut           0%         N/A       65%         2
 Spider Form              Tmut/Pois      0%         N/A       87%         3
 Swiftness                Air            0%         N/A       87%         3
 Airstrike                Air            0%         N/A       99%         4
 Fulminant Prism          Conj/Hex       0%         3d6       99%         4
 Manifold Assault         Tloc           0%         N/A       100%        5
 Storm Form               Tmut/Air       0%         N/A       100%        7
 Summon Small Mammal      Summ           Unusable   N/A       N/A         1
 Call Canine Familiar     Summ           Unusable   N/A       N/A         3
 Summon Guardian Golem    Hex/Summ       Unusable   N/A       N/A         3

Dungeon Overview and Level Annotations

Branches:
Dungeon (11/15)            Temple (1/1) D:6            Lair (1/6) D:10
    Orc (1/2) D:9         Gauntlet (1/1)

Altars:
Hepliaklqana
Okawaru
Vehumet
Zin

Shops:
D:9 [

Annotations:
Gauntlet 8 transporters


Innate Abilities, Weirdness & Mutations

You are too large for most types of armour.
You have claws for hands.
Your natural rate of healing is unusually fast.
You are covered in fur. (AC +1)
You have tough skin. (AC +1)


Message History

The death yak is lightly wounded.
The death yak gores you!
You scratch the death yak.
The death yak is lightly wounded.
The death yak gores you!
You enter the transporter and appear at another place.
The death yak closely misses you.
You claw the death yak!
The death yak is lightly wounded.
The death yak gores you!!
You scratch the death yak. You claw the death yak.
The death yak is moderately wounded.
You claw the death yak!
The death yak is moderately wounded.
The death yak closely misses you.
You scratch the death yak.
The death yak is moderately wounded.
The death yak gores you!
You mangle the death yak!!
The death yak is severely wounded.
The death yak gores you!!
* * * LOW HITPOINT WARNING * * *
You completely miss the death yak.
The death yak is severely wounded.
The red ugly thing gurgles horribly!
You claw the death yak!
The death yak is almost dead.
The death yak gores you but does no damage.
You mangle the death yak!!
You kill the death yak!
Okawaru is honoured by your kill.
A freezing mist starts to gather...
A death yak simulacrum comes into view.
Your Invocations skill increases to level 5!
You claw the death yak simulacrum!
The death yak simulacrum is lightly damaged.
The death yak simulacrum gores you.
* * * LOW HITPOINT WARNING * * *
The death yak simulacrum freezes you!!
You die...

#≈..............................
##...............................
8#..###########...###########...#
##..#.........#.8.#.........#.8.#
#..#.#.#.#.#.#...#.##^..##.#...#
##..#=.#.#.#..#####[^##.##..#####
≈#..#.#.#.#.#.#...#Y..#.#...#...#
.#..#©.#.©.#..#©.©#p..#©^...#§.©#
.#..#(#.#.#.#G#Z@.#Y..#.#...#...#
.#..#G.#.#.#..#####.^##.##§.#####
.#..#G#.#.#.#u#...#.##Y.^##Y#...#
.#..#G........#...#.....p...#...#
.#..###########.§§###########...#
.#≈...........§§§.§...........≈..
.#∩............§8§...........≈8≈.
.#≈.............≈.§...........§..
.#..###########...###########...#


You could see 2 death yaks, a great orb of eyes, a red ugly thing, a necromancer
and a death yak simulacrum.

Vanquished Creatures
  Gastronok (D:8)
  A hydra (Lair:1)
  2 two-headed ogres (D:10)
  A death yak (Gauntlet)
  An unseen horror (D:10)
  A cane toad (Lair:1)
  2 komodo dragons (Lair:1)
  A kobold demonologist (D:9)
  2 trolls
  Grinder (D:4)
  2 slime creatures (Gauntlet)
  Sigmund (D:6)
  15 yaks
  Edmund (D:6)
  5 water moccasins
  5 black bears
  2 sky beasts
  6 orc warriors
  3 ice beasts
  3 centaurs
  2 ogres (D:5)
  Blork the orc (D:4)
  3 kobold brigands
  9 bullfrogs
  2 gnoll sergeants
  3 scorpions
  A water moccasin zombie (D:5)
  A water moccasin skeleton (D:5)
  3 killer bees (D:9)
  18 wights
  2 howler monkeys
  2 bullfrog zombies (D:6)
  3 jellies
  2 centaur skeletons
  5 centaur zombies
  10 orc priests
  2 hounds
  4 bullfrog skeletons
  13 orc wizards
  3 iguanas
  A killer bee zombie (D:5)
  2 hound skeletons (D:5)
  Robin (D:2)
  3 howler monkey zombies
  3 gnolls (D:5)
  4 adders
  A white imp (D:8)
  An ufetubus (D:6)
  2 worms
  2 dart slugs
  35 orcs
  7 endoplasms
  8 giant cockroaches
  10 goblins
  11 hobgoblins
  20 kobolds
  2 quokkas
  7 ball pythons
  2 bats
  5 frilled lizards
  5 rats
277 creatures vanquished.

Vanquished Creatures (collateral kills)
  A jelly (D:5)
  A white imp (D:5)
  3 goblins (D:2)
  2 hobgoblins
  A quokka (D:5)
8 creatures vanquished.

Vanquished Creatures (others)
  3 demonic plants (Gauntlet)
  19 fungi
  22 plants (D:10)
44 creatures vanquished.

Grand Total: 329 creatures vanquished

Notes
Turn   | Place    | Note
-------+----------+-------------------------------------------
     0 | D:1      | mcbry74 the Troll Gladiator began the quest for the Orb.
     0 | D:1      | Reached XP level 1. HP: 19/19 MP: 0/0
    93 | D:1      | Reached XP level 2. HP: 27/27 MP: 1/1
  1037 | D:2      | Reached XP level 3. HP: 26/33 MP: 2/2
  1093 | D:2      | Found the +2 ratskin cloak {*Rats rPois rN+ Str-1 Int-1
                  | Dex+1}
  1100 | D:2      | Found a radiant altar of Vehumet.
  1132 | D:2      | Reached skill level 4 in Unarmed Combat
  1500 | D:2      | Noticed Robin
  1524 | D:2      | Killed Robin
  1525 | D:2      | Reached XP level 4. HP: 22/41 MP: 3/3
  1555 | D:2      | Identified the +4 mace of the Ghost {vorpal, rC+ rN+ Int+4
                  | SInv}
  2046 | D:3      | Identified the +3 leather armour of Zisy {Harm}
  2489 | D:4      | Noticed a scorpion
  2510 | D:4      | Killed a scorpion
  2511 | D:4      | Reached skill level 5 in Unarmed Combat
  2511 | D:4      | Reached XP level 5. HP: 46/48 MP: 4/4
  2793 | D:4      | Noticed an ice beast
  2805 | D:4      | Killed an ice beast
  2806 | D:4      | Reached skill level 6 in Unarmed Combat
  2806 | D:4      | Reached XP level 6. HP: 55/55 MP: 5/5
  2814 | D:4      | Noticed Grinder
  3099 | D:4      | Noticed Blork the orc
  3112 | D:4      | Killed Blork the orc
  3141 | D:4      | Paralysed by Grinder for 6 turns
  3160 | D:4      | Killed Grinder
  3161 | D:4      | Reached skill level 7 in Unarmed Combat
  3161 | D:4      | Reached XP level 7. HP: 46/62 MP: 6/6
  3293 | D:5      | Entered Level 5 of the Dungeon
  3498 | D:5      | Reached skill level 5 in Throwing
  3498 | D:5      | Reached skill level 8 in Unarmed Combat
  3498 | D:5      | Reached XP level 8. HP: 70/70 MP: 7/7
  3746 | D:5      | Reached skill level 9 in Unarmed Combat
  4223 | D:6      | Noticed Sigmund
  4244 | D:6      | Killed Sigmund
  4268 | D:6      | Noticed Edmund
  4424 | D:6      | Reached skill level 10 in Unarmed Combat
  4510 | D:6      | Reached XP level 9. HP: 69/76 MP: 8/8
  4690 | D:6      | Found a staircase to the Ecumenical Temple.
  4699 | Temple   | Entered the Ecumenical Temple
  4736 | Temple   | Became a worshipper of Warmaster Okawaru
  5002 | D:6      | Noticed a troll
  5008 | D:6      | Killed a troll
  5146 | D:6      | Killed Edmund
  5146 | D:6      | Reached * piety under Okawaru
  5598 | D:7      | Reached skill level 11 in Unarmed Combat
  5677 | D:7      | Reached skill level 1 in Maces & Flails
  5677 | D:7      | Reached skill level 1 in Invocations
  5681 | D:7      | Reached skill level 1 in Evocations
  6231 | D:8      | Found a hazy altar of Hepliaklqana.
  6232 | D:8      | Reached ** piety under Okawaru
  6371 | D:8      | Reached XP level 10. HP: 80/84 MP: 10/10
  6382 | D:8      | Noticed Gastronok
  6414 | D:8      | Killed Gastronok
  6414 | D:8      | Reached *** piety under Okawaru
  6448 | D:8      | Reached skill level 12 in Unarmed Combat
  6455 | D:8      | Reached **** piety under Okawaru
  7186 | D:9      | Found a staircase to the Orcish Mines.
  7199 | D:9      | Found Cyoh Uza's Antique Armour Emporium.
  7763 | D:9      | Reached ***** piety under Okawaru
  7949 | D:10     | Entered Level 10 of the Dungeon
  7970 | D:10     | Received a gift from Okawaru
  7974 | D:10     | Reached skill level 1 in Armour
  8005 | D:10     | Reached XP level 11. HP: 84/92 MP: 12/12
  8023 | D:10     | Found a staircase to the Lair.
  8278 | D:10     | Noticed a two-headed ogre
  8282 | D:10     | Killed a two-headed ogre
  8314 | D:10     | Noticed a two-headed ogre
  8322 | D:10     | Killed a two-headed ogre
  8322 | D:10     | Received a gift from Okawaru
  8793 | Orc:1    | Entered Level 1 of the Orcish Mines
  9035 | Lair:1   | Entered Level 1 of the Lair of Beasts
  9050 | Lair:1   | Noticed an eight-headed hydra
  9060 | Lair:1   | Killed an eight-headed hydra
  9063 | Lair:1   | HP: 3/92 [cane toad (10)]
  9087 | Lair:1   | Reached skill level 13 in Unarmed Combat
  9634 | Lair:1   | Reached skill level 5 in Maces & Flails
  9978 | D:11     | Noticed a white ugly thing
 10074 | D:11     | Found a gate leading to a gauntlet.
 10080 | Gauntlet | Entered a Gauntlet
 10080 | Gauntlet | Found a transporter.
 10080 | Gauntlet | Found a transporter.
 10085 | Gauntlet | Found a transporter.
 10088 | Gauntlet | Found a transporter.
 10088 | Gauntlet | Found a transporter.
 10088 | Gauntlet | Found a transporter.
 10098 | Gauntlet | Found a transporter.
 10101 | Gauntlet | Noticed a death yak
 10102 | Gauntlet | Found a transporter.
 10103 | Gauntlet | Found a transporter.
 10108 | Gauntlet | Noticed a death yak
 10110 | Gauntlet | Noticed a death yak
 10112 | Gauntlet | Noticed a necromancer
 10118 | Gauntlet | Found a transporter.
 10125 | Gauntlet | Noticed a red ugly thing
 10126 | Gauntlet | Found a transporter.
 10127 | Gauntlet | Found a transporter.
 10127 | Gauntlet | Noticed a great orb of eyes
 10506 | Gauntlet | Killed a death yak
 10507 | Gauntlet | Reached skill level 5 in Invocations
 10508 | Gauntlet | Slain by a death yak simulacrum

Illustrated notes

Levels and vault maps discovered:
D:1:      dpeg_arrival_pond, layout_loops_corners, skrybe_limestone_x,
          minmay_misc_feat_columns, minmay_worlds_worst_comb
D:2:      layout_loops_cross, basic_altar, uniq_robin
D:3:      layout_loops_ring
D:4:      layout_cave_pods, uniq_blork_the_orc, uniq_grinder
D:5:      layout_loops_ring, grunt_ministairs_9, hangedman_minor_gate_pass
D:6:      layout_basic, minmay_temple_entry_stoned_glass,
          sigmund_edmund_badplayer
D:7:      layout_cave_pods, kennysheep_generic_room_4
D:8:      layout_rooms, mainiacjoe_overflow_small_starburst, uniq_gastronok
D:9:      layout_grid_maze, david_orc_2, serial_shops, shop,
          minmay_misc_feat_doors
D:10:     layout_roguey, due_lair_maze_entry_diamond, serial_corexii_hall,
          corexii_hall_statues_x, corexii_hall_statues_l
D:11:     layout_loops_ring, gauntlet_entry_generic, kennysheep_generic_room_2
Temple:   mainiacjoe_temple_trianglar_array
Lair:1:   layout_long_grid, serial_bayou_shore_b
Orc:1:    lemuel_ogre_cave, layout_diamond_mine, ebering_ghost_inner_flame
Gauntlet: gammafunk_gauntlet_hard_choice [nicolae_gauntlet_arena_blocks,
          gammafunk_gauntlet_arena_mazey, gammafunk_gauntlet_arena_split_x,
          nicolae_gauntlet_arena_x, gammafunk_gauntlet_arena_grid,
          gammafunk_gauntlet_arena_corners, gauntlet_exit_green]

Skill      XL: |  1  2  3  4  5  6  7  8  9 10 11 |
---------------+----------------------------------+-----
Throwing       | 2 3 4 5 6 7 8 |  8.7
Unarmed Combat | 4 5 6 7 8 10 11 12 13 | 13.2
Maces & Flails | 2 3 5 |  5.2
Invocations    | 2 3 5 |  5.0
Evocations     | 1 3 4 |  4.1
Armour         | 1 2 |  2.9
Dodging        | 3 |  3.9
Fighting       | |  1.5

Action                   |  1- 3 |  4- 6 |  7- 9 | 10-12 || total
-------------------------+-------+-------+-------+-------++-------
Melee: Unarmed           |    99 |    79 |   226 |   322 ||   726
       Punch             |     3 |     1 |    13 |    30 ||    47
       Mace              |       |       |       |     6 ||     6
       Great mace        |       |       |       |     1 ||     1
Throw: Dart              |       |    14 |    31 |    54 ||    99
       Stone             |       |     5 |     6 |       ||    11
       Boomerang         |       |       |     7 |    18 ||    25
       Large rock        |       |       |       |     4 ||     4
Invok: Finesse           |       |       |       |     1 ||     1
Evoke: Wand              |       |       |       |     2 ||     2
  Use: Scroll            |       |     3 |     4 |     6 ||    13
       Potion            |       |       |       |     2 ||     2
 Stab: Sleeping          |     3 |       |     2 |     1 ||     6
       Distracted        |     1 |       |       |       ||     1
Armor: Robe              |    41 |    23 |    49 |       ||   113
       Troll leather arm |       |       |    27 |    87 ||   114
Dodge: Dodged            |    31 |    22 |   100 |   136 ||   289
